 Dungeon Crawl Stone Soup version 0.28-a0-511-gcc94558de3 (webtiles) character file.

Game seed: 3797508465547391792

0 meatgazer the Skirmisher (level 1, -16/18 HPs)
             Began as a Demonspawn Abyssal Knight on Sept 21, 2021.
             Was a Follower of Lugonu.
             Killed from afar by a smoke demon (32 damage)
             ... with a ball of steam
             ... on level 3 of the Abyss.
             The game lasted 00:00:30 (111 turns).

meatgazer the Skirmisher (Demonspawn Abyssal Knight) Turns: 111, Time: 00:00:30

Health: -16/18     AC:  3    Str: 13    XL:     1   Next: 0%
Magic:  2/2        EV: 11    Int: 11    God:    Lugonu [*.....]
Gold:   30         SH:  0    Dex: 13    Spells: 0/0 levels left

rFire   . . .      SeeInvis .   a - +1 hand axe
rCold   . . .      Faith    .   (no shield)
rNeg    . . .      Spirit   .   b - +0 leather armour
rPois   .          Reflect  .   (no helmet)
rElec   .          Harm     .   (no cloak)
rCorr   .          Rampage  .   (no gloves)
Will    .....                   (no boots)
Stlth   +.........              (no amulet)
HPRegen 0.06/turn               (no ring)
MPRegen 0.08/turn               (no ring)

@: no status effects
A: no striking features
a: Renounce Religion, Depart the Abyss


You were on level 3 of the Abyss.
You worshipped Lugonu.
Lugonu was aware of your devotion.
You visited 0 branches of the dungeon, and saw 0 of its levels.
You visited the Abyss 1 time.

You collected 30 gold pieces.

Inventory:

Hand Weapons
 a - a +1 hand axe (weapon)
Armour
 b - a +0 leather armour (worn)
Potions
 c - a potion of brilliance {unknown}


   Skills:
 + Level 3.0 Fighting
 + Level 1.7 Axes
 + Level 1.7 Armour
 + Level 0.8 Dodging
 + Level 2.4 Invocations


You couldn't memorise any spells.
You didn't know any spells.
Your spell library was empty.

Dungeon Overview and Level Annotations

Branches:
Dungeon (0/15)

Altars:


Message History

Welcome, meatgazer the Demonspawn Abyssal Knight.
Will you be the one to retrieve the awesome Orb of Zot from the depths?
Lugonu says: Depart the Abyss and spread corruption, my servant! (use the ability menu to exit the Abyss) Press ? for a list of commands and other information.
Found a corrupted altar of Lugonu.
Found a gateway leading deeper into the Abyss.
There is a gateway leading deeper into the Abyss here.
You plunge deeper into the Abyss.
Found a gateway leading deeper into the Abyss.
Found a gateway leading deeper into the Abyss.
Found a broken altar of Ashenzari.
There is a gateway leading deeper into the Abyss here.
You plunge deeper into the Abyss.
The abyssal rune of Zot can be found at this depth.
Found a metallic cyan potion, a runed shortbow and 12 stones.
Found 30 gold pieces.
c - a metallic cyan potion You now have 30 gold pieces.
A large abomination comes into view.
A tentacled starspawn comes into view.
Tentacles burst from the starspawn's body! 2 starspawn tentacles come into view.
The tentacled starspawn barely misses you.
The tentacled starspawn completely misses you.
Tentacles burst from the starspawn's body! 2 starspawn tentacles come into view.
The starspawn tentacle misses you. The starspawn tentacle grabs you.
The starspawn tentacle constricts you.
You escape the starspawn tentacle's grasp.
A smoke demon comes into view.
The smoke demon roars!
An earth elemental and a small abomination come into view.
The smoke demon gestures at you. The ball of steam hits you!!
Ouch! That really hurt!
You die...

#.......# # #
......# ##.
#...#...#
##..######.###
.....#..w.##
#....X##
...#..w.#..#
##.....#
#@######
#...§.#
##..§#.#
#...3.# ..#.#
# ###..E #..
#x#


You could see a tentacled starspawn and 2 starspawn tentacles.

Vanquished Creatures (others)
  2 starspawn tentacles (Abyss:3)
2 creatures vanquished.

Notes
Turn   | Place    | Note
-------+----------+-------------------------------------------
     0 | Abyss:1  | meatgazer the Demonspawn Abyssal Knight began the quest for
                  | the Orb.
     0 | Abyss:1  | Reached XP level 1. HP: 18/18 MP: 2/2
    22 | Abyss:2  | Found a broken altar of Ashenzari.
    51 | Abyss:3  | Noticed a large abomination
    88 | Abyss:3  | Noticed a tentacled starspawn
   110 | Abyss:3  | Noticed a smoke demon
   111 | Abyss:3  | Noticed an earth elemental
   111 | Abyss:3  | Noticed a small abomination
   111 | Abyss:3  | Killed from afar by a smoke demon

Illustrated notes

Levels and vault maps discovered:
Abyss:3:  base: Temple, due_exit_kobolds, minivault_25_ag,
          evilmike_abyss_exit_15, nicolae_abyss_rune_left_handed

Action                   || total
-------------------------++-------
Dodge: Dodged            ||     3

Table legend: (Time is in decaauts)
 A = Elapsed time spent in this place.
 B = Non-inter-level travel time spent in this place.
 C = Inter-level travel time spent in this place.
 D = Time resting spent in this place.
 E = Time spent auto-exploring this place.
 F = Levels seen in this place.
 G = Mean time per level.
                   A        B        C        D        E       F      G
               +--------+--------+--------+--------+--------+-----+--------+
         Total |    110 |    110 |      0 |      0 |     30 |   3 |   36.7 |
         Abyss |    110 |    110 |      0 |      0 |     30 |   3 |   36.7 |
               +--------+--------+--------+--------+--------+-----+--------+

Top non-repeatable levels by time:
 Abyss:3: 86 daAuts
 Abyss:1: 14 daAuts
 Abyss:2: 9 daAuts
